Map: Queda Cerúlea LE

Players

Vicster - Winner!

  • Race: Terran Terran
  • League: Gold
  • Spawn Location: 1:00

Eloim

  • Race: Terran Terran
  • League: Silver
  • Spawn Location: 7:00

VOD

Have the link to the VOD?

Description

Time

  • Played on: Jan. 5, 2019, 10:51 a.m.
  • Length: 23:31
Show
View Real Time Build Order
Export as new Build Order

Vicster Terran - Winner!

Build Orders:  

Get SALT Encoding   

  12  0:00  SCV  
  13  0:13  SCV  
  14  0:18  Supply Depot  
  14  0:25  SCV  
  15  0:28  Refinery  
  15  0:39  SCV  
  16  0:46  Barracks  
  16  0:51  SCV  
  17  1:05  SCV  
  18  1:17  SCV  
  19  1:33  Orbital Command  
  19  1:34  Reaper  
  20  1:49  Barracks  
  20  1:53  Factory  
  20  1:55  Supply Depot  
  20  1:59  SCV  
  21  2:09  Barracks Reactor  
  21  2:11  SCV  
  22  2:18  Refinery  
  22  2:23  SCV  
  23  2:35  SCV  
  24  2:37  Barracks  
  24  2:45  Starport  
  24  2:47  SCV  
  24  2:49  Marine x2  
  27  2:52  Hellion  
  29  2:59  SCV  
  30  3:07  Marine  
  31  3:17  Barracks Tech Lab  
  31  3:18  SCV  
  31  3:20  Factory Tech Lab  
  31  3:27  Barracks Tech Lab  
  31  3:33  Starport Reactor  
  31  3:36  Command Center  
  31  3:41  Supply Depot  
  31  4:02  SCV, Siege Tank  
  35  4:04  Supply Depot  
  35  4:12  Marine x3  
  35  4:13  Marine  
  39  4:25  SCV, Medivac  
  39  4:27  Supply Depot  
  42  4:34  Siege Tank  
  42  4:37  Marine, SCV  
  47  4:47  Marine x3  
  47  4:49  SCV, Supply Depot  
  47  4:50  Medivac  
  53  4:55  Marine  
  54  5:02  SCV  
  54  5:03  Orbital Command  
  54  5:05  Marine  
  56  5:13  Supply Depot  
  56  5:14  SCV  
  57  5:26  SCV  
  58  5:35  Marine x2, Marauder  
  64  5:36  Marauder, Supply Depot  
  64  5:38  SCV  
  64  5:39  Siege Tank  
  68  5:50  SCV  
  68  5:52  Marine  
  70  6:02  SCV  
  71  6:14  SCV  
  63  6:34  Marine  
  63  6:35  Marine x2  
  66  6:52  Marine x2, Command Center  
  66  6:53  Refinery  
  66  6:54  Refinery  
  66  6:58  Command Center  
  66  7:09  Marine  
  66  7:10  Marauder  
  66  7:11  Siege Tank  
  66  7:12  Medivac  
  74  7:22  Supply Depot  
  74  7:23  Supply Depot  
  74  7:27  Marine  
  74  7:28  Engineering Bay  
  71  7:32  Marauder  
  67  7:41  Marine x2  
  67  7:42  Medivac  
  71  7:45  Marine, Siege Tank  
  75  7:53  Marauder  
  75  7:54  Barracks  
  77  8:00  Barracks  
  77  8:03  Marauder  
  79  8:06  Refinery  
  79  8:08  Missile Turret  
  79  8:11  Refinery, Missile Turret, Orbital Command  
  79  8:19  Orbital Command  
  79  8:22  SCV x2  
  81  8:29  Missile Turret  
  81  8:38  SCV x3  
  84  8:43  Terran Infantry Weapons Level 1  
  84  8:50  Refinery, SCV x3  
  87  9:02  SCV  
  78  9:13  SCV x3  
  78  9:14  SCV  
  82  9:18  Barracks Tech Lab  
  82  9:19  Barracks Tech Lab  
  82  9:22  Barracks  
  82  9:23  Barracks  
  82  9:25  SCV x3  
  82  9:26  SCV  
  82  9:29  Marine, Marauder  
  82  9:31  Siege Tank  
  92  9:37  SCV x2  
  92  9:38  Missile Turret  
  94  9:46  Marine  
  94  9:47  SCV x2  
  94  9:49  SCV x2  
  94  9:51  Marauder  
  101  9:56  Missile Turret  
  101  9:59  SCV x2  
  103  10:04  Marine, SCV  
  103  10:06  SCV  
  106  10:07  Marine  
  106  10:11  SCV x2  
  106  10:12  Barracks, Barracks Reactor x2, Marauder  
  111  10:16  SCV  
  111  10:18  SCV  
  113  10:22  Marine  
  113  10:23  SCV x2, Siege Tank  
  113  10:25  Marine, Combat Shield, Stimpack  
  113  10:27  Concussive Shells  
  120  10:28  SCV  
  120  10:31  Medivac  
  120  10:33  Marine  
  120  10:35  SCV  
  125  10:37  Terran Infantry Armor Level 1  
  125  10:40  Marauder  
  125  10:42  Marine, SCV x3  
  130  10:47  SCV  
  132  10:51  Marauder  
  132  10:54  SCV x3  
  132  10:55  Siege Tank  
  140  11:04  Supply Depot  
  140  11:05  Supply Depot  
  140  11:06  Supply Depot  
  140  11:08  Supply Depot  
  140  11:09  Supply Depot x2  
  140  11:22  Engineering Bay  
  140  11:25  Marine x4  
  140  11:26  Marine x2, Marauder, SCV x4  
  140  11:30  Marine  
  140  11:32  Siege Tank, Medivac  
  158  11:43  Marine x4  
  158  11:44  Marauder x2  
  166  11:47  Marauder  
  168  11:54  Supply Depot  
  168  11:56  Supply Depot  
  168  11:57  SCV x4  
  168  11:58  Supply Depot  
  168  11:59  Supply Depot  
  172  12:02  Refinery  
  172  12:04  Siege Tank  
  172  12:06  Marauder x2  
  179  12:09  Marauder, SCV x4  
  185  12:21  SCV x2  
  187  12:27  Marauder  
  167  13:08  Marine  
  167  13:09  Marine x7  
  167  13:12  Medivac x2  
  179  13:15  Siege Tank  
  182  13:22  Armory  
  182  13:26  Marine  
  183  13:27  Marine x7  
  183  13:28  SCV x3  
  183  13:29  SCV  
  193  13:40  SCV x2  
  195  13:42  Medivac  
  195  13:44  Marine  
  195  13:45  Marine x2  
  182  14:16  Orbital Command  
  177  14:18  Missile Turret x2  
  177  14:20  Missile Turret  
  177  14:26  SCV  
  177  14:27  SCV  
  177  14:28  Marine x3  
  177  14:29  Marine x8  
  189  14:38  SCV  
  189  14:39  SCV  
  191  14:46  Marine x2  
  179  15:01  Marine x5  
  179  15:02  Marine x4  
  179  15:04  Marine x2  
  119  15:33  Orbital Command  
  119  15:37  Command Center  
  116  16:25  Barracks  
  116  16:30  Missile Turret  
  116  16:34  Barracks  
  116  16:37  Barracks  
  116  16:44  Starport  
  116  17:07  SCV  
  116  17:08  Missile Turret, SCV x2  
  119  17:12  Missile Turret  
  119  17:13  Marine x4  
  122  17:20  SCV x3  
  122  17:22  Starport  
  120  17:32  SCV x3  
  121  17:43  Starport Tech Lab  
  121  17:44  SCV  
  122  18:01  Starport Reactor  
  122  18:03  Raven  
  122  18:04  Engineering Bay  
  123  18:09  SCV  
  124  18:13  Marine x7  
  124  18:14  Marine x2  
  133  18:24  Missile Turret  
  133  18:28  Missile Turret  
  133  18:30  Marine  
  129  18:55  Orbital Command  
  129  19:11  Command Center  
  129  19:23  Command Center  
  129  19:28  Command Center  
  129  19:29  Barracks Reactor  
  129  19:31  Viking  
  129  19:32  Viking  
  129  19:33  Thor  
  139  19:41  Starport  
  139  19:51  Terran Infantry Weapons Level 2  
  139  19:52  Terran Infantry Armor Level 2  
  139  19:53  Terran Vehicle Weapons Level 1  
  139  19:59  Command Center  
  139  20:00  Refinery  
  139  20:01  Viking  
  139  20:03  Refinery  
  132  20:31  SCV  
  132  20:32  SCV x2  
  135  20:43  SCV  
  135  20:44  SCV x2  
  138  20:56  SCV x3  
  133  21:08  SCV x3  
  122  21:20  SCV x2  
  124  21:26  Marine x5, Marauder  
  124  21:27  Marine x3, Marauder x3  
  124  21:29  Siege Tank  
  124  21:30  Starport Tech Lab  
  143  21:39  Orbital Command  
  143  21:43  Marine, Refinery  
  143  21:44  Marine x6  
  143  21:45  Marine  
  143  21:46  Orbital Command  
  151  21:48  Marauder x4  
  159  22:01  Siege Tank  
  153  22:02  Marine x8  
  153  22:04  Refinery  
  153  22:08  Marine, Viking x2, Medivac x2  
  163  22:09  Marine x3  
  173  22:19  Marine  
  173  22:20  Marine x5  
  178  22:33  Thor  
  183  22:38  Viking x2  
  187  22:49  Missile Turret, Orbital Command  
  187  22:56  Missile Turret  
  187  22:58  SCV  
  187  22:59  SCV x5  
  193  23:10  SCV  
  193  23:11  SCV x5  
  199  23:18  Missile Turret  
Show
View Real Time Build Order
Export as new Build Order

Eloim Terran 

Build Orders: Reaper Expand 

Get SALT Encoding   

  12  0:02  SCV  
  13  0:14  SCV  
  14  0:22  Supply Depot  
  14  0:51  SCV  
  15  0:59  Engineering Bay  
  15  1:03  Refinery  
  15  1:06  Refinery  
  15  1:23  SCV  
  16  1:35  SCV  
  17  1:47  SCV  
  17  1:49  Barracks  
  18  2:00  SCV  
  19  2:13  Planetary Fortress  
  19  2:22  Command Center  
  19  2:36  Reaper  
  20  2:41  Hi-Sec Auto Tracking  
  20  2:56  Factory  
  19  3:22  Reaper  
  20  3:35  Refinery  
  20  3:38  SCV  
  21  3:48  Missile Turret  
  21  3:51  SCV  
  22  4:03  SCV  
  22  4:09  Missile Turret  
  22  4:13  Planetary Fortress  
  22  4:15  SCV  
  23  4:19  Factory Tech Lab  
  23  4:36  Barracks Tech Lab  
  23  4:42  Siege Tank  
  26  5:00  SCV  
  26  5:09  Starport  
  26  5:12  SCV  
  27  5:15  Widow Mine  
  29  5:32  Neosteel Armor  
  29  5:37  Command Center  
  29  5:41  SCV  
  30  5:53  SCV  
  30  5:54  Widow Mine  
  30  5:55  Starport Reactor  
  33  6:17  Liberator  
  33  6:30  Liberator  
  36  6:42  Missile Turret  
  37  7:34  Liberator x2  
  43  8:00  SCV  
  43  8:03  SCV  
  45  8:12  SCV  
  46  8:15  SCV  
  47  8:25  Siege Tank  
  44  9:13  Liberator x2  
  44  9:17  SCV, Starport  
  44  9:18  Starport  
  44  9:19  SCV, Starport  
  44  9:24  Refinery  
  46  9:26  Missile Turret  
  46  9:29  SCV  
  53  9:31  Missile Turret  
  53  9:51  Supply Depot  
  53  9:54  Supply Depot  
  53  9:56  Supply Depot  
  53  10:03  Starport Tech Lab x2  
  53  10:04  Starport Tech Lab  
  53  10:07  Liberator x2  
  53  10:12  SCV x2  
  55  10:15  Refinery x2  
  55  10:24  SCV x2  
  63  10:31  Widow Mine  
  65  10:37  SCV  
  66  10:47  Cloaking Field  
  66  10:49  SCV  
  67  10:52  Widow Mine  
  67  10:54  Banshee x2  
  75  11:01  SCV  
  75  11:02  Supply Depot  
  76  11:04  Supply Depot  
  76  11:13  SCV  
  77  11:24  Banshee  
  77  11:25  SCV  
  81  11:27  Supply Depot  
  81  11:35  Orbital Command  
  81  11:41  Armory  
  81  11:43  Banshee x2  
  87  11:54  Supply Depot  
  87  11:56  Liberator x2  
  87  12:07  Banshee  
  96  12:26  Widow Mine  
  96  12:27  Command Center  
  98  12:36  Banshee x2  
  101  12:48  Widow Mine  
  73  13:17  Banshee  
  73  13:19  Banshee x2  
  63  14:26  Orbital Command  
  41  15:53  Planetary Fortress  
  41  16:34  Command Center  
  41  16:35  Supply Depot  
  41  16:45  Command Center  
  41  16:57  Widow Mine  
  43  17:18  Widow Mine  
  45  17:40  Widow Mine  
  47  18:01  Widow Mine  
  49  18:22  Widow Mine  
  49  18:23  SCV  
  52  18:35  SCV  
  50  18:55  Liberator x2  
  50  19:06  Widow Mine  
  52  19:10  Supply Depot  
  58  19:28  Widow Mine  
  60  19:38  Refinery  
  60  19:39  Refinery  
  60  19:49  Widow Mine  
  62  20:11  Widow Mine  
  40  20:32  Widow Mine  
  33  21:05  Engineering Bay  
Tags
 
Matchup
TvT
Race
Terran
Replay Pack
Vicster replay
Spawn Locations
Cross Positions
Add a new tag
Caveats
  • Supply blocks, unpowered buildings, or Contaminate may cause inaccurate times.
  • Supply counts are checked every 10 seconds.